 Dungeon Crawl Stone Soup version 0.30-a0-772-g5528072125 (webtiles) character file.

Game seed: 5568180550766705443

1830888 ShnitzelX3 the Phalangite (level 27, 159/231 HPs)
             Began as a Gnoll Summoner on Feb 8, 2023.
             Was an Elder of Ashenzari.
             Escaped with the Orb
             ... and 3 runes on Feb 13, 2023!
             The game lasted 04:26:16 (56547 turns).

ShnitzelX3 the Phalangite (Gnoll Summoner)         Turns: 56547, Time: 04:26:17

Health: 159/231    AC: 17    Str: 11    XL:     27
Magic:  49/49      EV: 25    Int: 27    God:    Ashenzari [****..]
Gold:   4770       SH: 17    Dex: 17    Spells: 4/71 levels left

rFire   + + .      SeeInvis +    a - +6 short sword of Upheaval {protect, rN+ Str+3}
rCold   . . .      Faith    .    A - +2 kite shield "Stickiness of Ashenzari" {reflect, Comp, Cun} (curse)
rNeg    + . .      Spirit   .    B - +2 leather armour {rF+}
rPois   .          Reflect  +    c - -1 helmet of Ashenzari's Yoke {rCorr Slay+2 Stlth+, Comp, Evo} (curse)
rElec   +          Harm     .    p - +2 cloak "Revealing Incredulity" {Comp, Self} (curse)
rCorr   +          Rampage  .    k - +2 pair of gloves of the Chained Planets {Self, Bglg} (curse)
Will    ++...      Clarity  +    e - +0 pair of boots of Ashenzari's Stickiness {Elem, Alch} (curse)
Stlth   +++                      r - amulet "Prophetic Fanaticism" {RegenMP, Self, Comp} (curse)
HPRegen 0.58/turn                j - ring "Restrained Atheism" {rElec rF+ Dex+3, Cun, Comp} (curse)
MPRegen 0.71/turn                x - ring of wizardry

@: studying 3 skills
A: fangs 1, strong nose, distributed training, clarity, inability to read after
injury 1, sturdy frame 1
0: Orb of Zot
}: 3/15 runes: decaying, serpentine, silver
a: Renounce Religion, Curse Item, Shatter the Chains


You escaped.
You worshipped Ashenzari.
Ashenzari was greatly pleased with you.
You visited 11 branches of the dungeon, and saw 49 of its levels.
You also visited: Wizlab.

You collected 7996 gold pieces.
You spent 3226 gold pieces at shops.

Inventory:

Hand Weapons
 a - the +6 short sword of Upheaval (weapon) {protect, rN+ Str+3}
   (You found it on level 4 of the Lair of Beasts)

   Str:       It affects your strength (+3).
   rN:        It protects you from negative energy.
 b - a +0 antimagic rapier
 m - the +3 halberd of Soaggess {elec, rPois Int+2}
   (You found it on level 3 of the Depths)

   Int:       It affects your intelligence (+2).
   rPois:     It protects you from poison.
Missiles
 E - 5 silver javelins
 I - 4 throwing nets
Armour
 c - the cursed -1 helmet of Ashenzari's Yoke (worn) {rCorr Slay+2 Stlth+, Comp, Evo}
   (You found it on level 2 of the Lair of Beasts)

   Slay:      It affects your accuracy & damage with ranged weapons and melee
   (+2).
   rCorr:     It protects you from acid and corrosion.
   Stlth:     It makes you more stealthy.
   It has a curse which improves the following skills: Companions: Summonings
   and Necromancy.
   Evocations: Evocations.
 e - the cursed +0 pair of boots of Ashenzari's Stickiness (worn) {Elem, Alch}
   (You found it on level 4 of the Dungeon)

   It has a curse which improves the following skills: Elements: Fire Magic, Ice
   Magic, Air Magic and Earth Magic.
   Alchemy:   Poison Magic and Transmutations.
 k - the cursed +2 pair of gloves of the Chained Planets (worn) {Self, Bglg}
   (You found it on level 14 of the Dungeon)

   It has a curse which improves the following skills: Introspection: Fighting
   and Spellcasting.
   Beguiling: Conjurations, Hexes and Translocations.
 p - the cursed +2 cloak "Revealing Incredulity" (worn) {Comp, Self}
   (You took it off Crazy Yiuf on level 2 of the Dungeon)

   It has a curse which improves the following skills: Companions: Summonings
   and Necromancy.
   Introspection: Fighting and Spellcasting.
 A - the cursed +2 kite shield "Stickiness of Ashenzari" (worn) {reflect, Comp, Cun}
   (You took it off a naga warrior on level 3 of the Snake Pit)

   It has a curse which improves the following skills: Companions: Summonings
   and Necromancy.
   Cunning:   Dodging and Stealth.
 B - a +2 leather armour of fire resistance (worn)
 Z - the +1 leather armour of Sorcery {Will+}
   (You found it on level 2 of the Dungeon)

   Will:      It increases your willpower.
Magical Staves
 n - a staff of cold
Jewellery
 d - the ring of Xuycrali {rN+ Str+6 Dex+3}
   (You took it off a naga mage on level 3 of the Snake Pit)

   [ring of strength]

   Str:       It affects your strength (+6).
   Dex:       It affects your dexterity (+3).
   rN:        It protects you from negative energy.
 j - the cursed ring "Restrained Atheism" (left hand) {rElec rF+ Dex+3, Cun, Comp}
   (You found it on level 2 of the Dungeon)

   [ring of protection from fire]

   Dex:       It affects your dexterity (+3).
   rF:        It protects you from fire.
   rElec:     It insulates you from electricity.
   It has a curse which improves the following skills: Cunning: Dodging and
   Stealth.
   Companions: Summonings and Necromancy.
 o - a ring of flight
 r - the cursed amulet "Prophetic Fanaticism" (around neck) {RegenMP, Self, Comp}
   (You bought it in a shop on level 6 of the Dungeon)

   [amulet of magic regeneration]

   It increases your rate of magic regeneration.
   It has a curse which improves the following skills: Introspection: Fighting
   and Spellcasting.
   Companions: Summonings and Necromancy.
 x - a ring of wizardry (right hand)
 P - a ring of poison resistance
 T - a ring of willpower
 Y - a ring of ice
Wands
 i - a wand of charming (29)
 Q - a wand of quicksilver (22)
 S - a wand of iceblast (21)
 V - a wand of mindburst (27)
 X - a wand of flame (48)
Scrolls
 f - 3 scrolls of silence
 g - a scroll of blinking
 l - 9 scrolls of magic mapping
 s - 2 scrolls of amnesia
 C - 16 scrolls of teleportation
 D - 7 scrolls of fog
 F - 10 scrolls of poison
 W - 13 scrolls of fear
Potions
 h - 7 potions of brilliance
 q - 10 potions of lignification
 t - 5 potions of mutation
 u - 3 potions of ambrosia
 v - 7 potions of flight
 w - 5 potions of berserk rage
 z - 5 potions of heal wounds
 G - 2 potions of magic
 H - a potion of invisibility
 J - 7 potions of might
 M - a potion of haste
 O - 11 potions of curing
 U - 5 potions of resistance
Miscellaneous
 y - a box of beasts
 N - a phial of floods
 R - a condenser vane


   Skills:
 + Level 18.7(22.3) Fighting
 + Level 18.7 Short Blades
 + Level 18.7 Long Blades
 + Level 18.7 Axes
 + Level 18.7 Maces & Flails
 + Level 21.3 Polearms
 + Level 18.7 Staves
 + Level 18.7 Ranged Weapons
 + Level 18.7 Throwing
 + Level 18.7 Armour
 + Level 19.2(21.8) Dodging
 + Level 20.7(23.3) Stealth
 + Level 18.7 Shields
 + Level 18.7 Unarmed Combat
 + Level 19.2(22.8) Spellcasting
 + Level 17.8(19.5) Conjurations
 + Level 15.9(17.8) Hexes
 + Level 17.3(22.6) Summonings
 + Level 15.9(21.3) Necromancy
 + Level 15.9(17.8) Translocations
 + Level 15.9(17.8) Transmutations
 + Level 15.9(17.8) Fire Magic
 + Level 15.9(17.8) Ice Magic
 + Level 15.9(17.8) Air Magic
 + Level 15.9(17.8) Earth Magic
 + Level 15.9(17.8) Poison Magic
 + Level 20.2 Invocations
 + Level 18.7(20.4) Evocations


You had 4 spell levels left.
You knew the following spells:

 Your Spells              Type           Power      Damage    Failure   Level
a - Borgnjor's Vile Clut  Necr/Erth      47%        N/A       0%          5
b - Spellforged Servitor  Conj/Summ      49%        N/A       1%          7
c - Call Canine Familiar  Summ           100%       N/A       0%          3
d - Summon Guardian Gole  Hex/Summ       96%        N/A       0%          3
e - Death's Door          Necr           49%        N/A       11%         9
f - Summon Forest         Summ/Tloc      48%        N/A       0%          5
g - Ignition              Fire           45%        3d13      3%          8
h - Yara's Violent Unrav  Hex/Tmut       45%        3d18      1%          5
i - Iron Shot             Conj/Erth      46%        9d9       1%          6
j - Summon Mana Viper     Hex/Summ       96%        N/A       0%          5
k - Blink                 Tloc           100%       N/A       0%          2
l - Dragon's Call         Summ           50%        N/A       6%          9

Your spell library contained the following spells:

 Spells                   Type           Power      Damage    Failure   Level
 Apportation              Tloc           100%       N/A       0%          1
 Foxfire                  Conj/Fire      100%       2x1d9     0%          1
 Kiss of Death            Conj/Necr      100%       2d13      0%          1
 Magic Dart               Conj           100%       1d8       0%          1
 Necrotise                Necr           100%       1d9       0%          1
 Slow                     Hex            100%       N/A       0%          1
 Summon Small Mammal      Summ           100%       N/A       0%          1
 Call Imp                 Summ           100%       N/A       0%          2
 Lesser Beckoning         Tloc           100%       N/A       0%          2
 Momentum Strike          Conj/Tloc      100%       3d10      0%          2
 Scorch                   Fire           100%       2d10      0%          2
 Searing Ray              Conj           100%       2d8       0%          2
 Static Discharge         Conj/Air       100%       2-7/arc   0%          2
 Sublimation of Blood     Necr           98%        N/A       0%          2
 Wereblood                Tmut           91%        N/A       0%          2
 Confusing Touch          Hex            91%        N/A       0%          3
 Gell's Gravitas          Tloc           91%        N/A       0%          3
 Ignite Poison            Fire/Tmut/Pois 91%        N/A       0%          3
 Inner Flame              Hex/Fire       91%        N/A       0%          3
 Kindle Blastsparks       Fire/Tloc/Air  100%       2d18      0%          3
 Ozocubu's Armour         Ice            91%        N/A       0%          3
 Spider Form              Tmut/Pois      91%        N/A       0%          3
 Stone Arrow              Conj/Erth      100%       3d13      0%          3
 Swiftness                Air            91%        N/A       0%          3
 Teleport Other           Tloc           91%        N/A       0%          3
 Vampiric Draining        Necr           98%        2d13      0%          3
 Vhi's Electric Charge    Tloc/Air       100%       N/A       0%          3
 Airstrike                Air            45%        2d(7-23)  0%          4
 Animate Armour           Summ/Erth      100%       N/A       0%          4
 Animate Dead             Necr           98%        N/A       0%          4
 Cause Fear               Hex            45%        N/A       0%          4
 Dispel Undead            Necr           98%        3d31      0%          4
 Flame Wave               Conj/Fire      93%        2d20      0%          4
 Fulminant Prism          Conj/Hex       46%        3d21      0%          4
 Manifold Assault         Tloc           91%        N/A       0%          4
 Olgreb's Toxic Radiance  Pois           91%        N/A       0%          4
 Passage of Golubria      Tloc           91%        N/A       0%          4
 Petrify                  Tmut/Erth      91%        N/A       0%          4
 Summon Ice Beast         Ice/Summ       96%        N/A       0%          4
 Summon Lightning Spire   Summ/Air       96%        N/A       0%          4
 Agony                    Necr           98%        N/A       0%          5
 Arcjolt                  Conj/Air       46%        1d56      0%          5
 Fireball                 Conj/Fire      46%        3d18      0%          5
 Irradiate                Conj/Tmut      46%        3d27      0%          5
 Iskenderun's Battlesphe  Conj           94%        2d14      0%          5
 Lightning Bolt           Conj/Air       46%        1d66      0%          5
 Alistair's Intoxication  Tmut/Pois      60%        N/A       1%          5
 Blade Hands              Tmut           45%        N/A       1%          5
 Freezing Cloud           Conj/Ice/Air   46%        6-21      1%          5
 Metabolic Englaciation   Hex/Ice        45%        N/A       1%          5
 Silence                  Hex/Air        45%        N/A       1%          5
 Conjure Ball Lightning   Conj/Air       46%        3x3d16    1%          6
 Death Channel            Necr           49%        N/A       1%          6
 Simulacrum               Ice/Necr       47%        N/A       1%          6
 Statue Form              Tmut/Erth      60%        N/A       1%          6
 Summon Cactus Giant      Summ           50%        N/A       1%          6
 Dragon Form              Tmut           45%        N/A       1%          7
 Enfeeble                 Hex            45%        N/A       1%          7
 Monstrous Menagerie      Summ           50%        N/A       1%          7
 Orb of Destruction       Conj           47%        9d12      1%          7
 Ozocubu's Refrigeration  Ice            45%        4d17      1%          7
 Storm Form               Tmut/Air       45%        N/A       1%          7
 Summon Hydra             Summ           50%        N/A       1%          7
 Borgnjor's Revivificati  Necr           49%        N/A       1%          8
 Necromutation            Tmut/Necr      47%        N/A       1%          8
 Lehudib's Crystal Spear  Conj/Erth      46%        10d11     2%          8
 Discord                  Hex            45%        N/A       3%          8
 Maxwell's Capacitive Co  Air            45%        ∞         3%          8
 Chain Lightning          Conj/Air       46%        3d62      32%         9
 Fire Storm               Conj/Fire      46%        8d12      32%         9
 Shatter                  Erth           45%        3d35*     41%         9


Dungeon Overview and Level Annotations

Branches:
Dungeon (15/15)            Temple (1/1) D:6            Lair (5/5) D:9
  Swamp (4/4) Lair:2        Snake (4/4) Lair:3        Slime (0/5) Lair:4
    Orc (2/2) D:9             Elf (3/3) Orc:2        Vaults (5/5) D:13
  Crypt (1/3) Vaults:3     Depths (4/4) D:15            Zot (5/5) Depths:4
 WizLab (visited)

Altars:
Ashenzari
Cheibriados
Dithmenos
Elyvilon
Fedhas
Gozag
Hepliaklqana
Kikubaaqudgha
Makhleb
Nemelex Xobeh
Okawaru
Qazlal
Ru
Sif Muna
Trog
Uskayaw
Vehumet
Wu Jian
Xom
Yredelemnul
Zin
The Shining One
Jiyva

Shops:
D:6 =!(:(   D:8 [   Orc:1 =?   Orc:2 ?[?[   Elf:2 *(   Snake:1 =?(
Vaults:1 :*?

Portals:
Hell: Depths:1 Depths:2 Depths:3 Depths:4
Abyss: D:4 Depths:3 Depths:4
Pandemonium: Depths:2 Depths:4
Ziggurat: Depths:1
Trove: Vaults:1 (give +8 demon trident)

Annotations:
D:4 2 transporters, Boris; bronco's ghost, amateur BaGl
D:15 Roxanne
Elf:1 6 runed translucent doors
Elf:2 3 runed translucent doors
Depths:1 4 transporters
Depths:4 2 transporters, Xutext's ghost, adept DsAK


Innate Abilities, Weirdness & Mutations

You have very sharp teeth.
Your uncanny sense of smell can sniff out nearby items.
Your experience applies equally to all skills.
You possess an exceptional clarity of mind.
You occasionally lose the ability to read scrolls when taking damage.
Your movements are slightly less encumbered by armour. (ER -2)


Message History

Casting: Call Canine Familiar (safe; 0% risk of failure)
Confirm with . or Enter, or press ? or * to list all spells.
Casting: Call Canine Familiar (safe; 0% risk of failure)
Confirm with . or Enter, or press ? or * to list all spells.
A mana viper appears with a sibilant hiss.
Unknown command.
You feel yourself speed up.
You swap places.
You can once more reach out to the dragon horde.
Your mana viper disappears in a puff of smoke!
Your extra speed is starting to run out.
You feel yourself slow down.
A blizzard demon comes into view.
The blizzard demon waves its arms in wide circles.
The air twists around and strikes you!
The blizzard demon completely misses you. x2
The blizzard demon gestures at you. The freezing blast misses you.
The blizzard demon attacks as you move away!
The blizzard demon hits you! You block the blizzard demon's attack.
You are engulfed in freezing vapours.
Your warg is engulfed in freezing vapours.
Your warg barely misses the blizzard demon.
The blizzard demon is engulfed in freezing vapours.
The blizzard demon gestures at you. The bolt of lightning misses you.
Your warg is engulfed in freezing vapours.
Your warg bites the blizzard demon.
You are engulfed in freezing vapours.
Your warg is engulfed in freezing vapours.
Your warg closely misses the blizzard demon.
Your warg is engulfed in freezing vapours.
Your warg barely misses the blizzard demon.
The blizzard demon gestures at you. The freezing blast misses you.
Blink to where?
Press: ? - help, Dir - move target
As you read the scroll of blinking, it crumbles to dust.
There is a staircase leading out of the dungeon here.
You have escaped!

..# #......#..#.#.#...{..# ..#
########..#.#.#.####.# ..#
#..#.#.#.# ##.# ..#
######..#.#.#h###..# ..#
#.........#.#.##..## ..#
#.#####.###.#.##.## ○○# #.#
#.....#.##.#
°°#######'###########.##.#
.h2°.☼○☼........@# #.....########
.####☼○○....########..#####......
.# ##○○#..###....h...# #.##### .#
##○..## #.######.# #.##### .#
##.## ##.# #.# #.....#
#############..# #.###########
..........##..## #............
.......##.##h###################.
######.##.#................# #.


There were no monsters in sight!

Vanquished Creatures
  A juggernaut (Depths:2)
  2 orbs of fire (Zot:5)
  2 Killer Klowns (Zot:5)
  the Lernaean hydra (Swamp:4)
  4 golden dragons
  An electric golem (Zot:4)
  5 tentacled monstrosities
  4 Orb Guardians (Zot:5)
  2 quicksilver dragons
  5 death cobs
  A sphinx (Depths:2)
  2 tengu reavers
  3 shadow dragons
  A fenstrider witch (Swamp:3)
  3 nagarajas
  A draconian knight (Zot:2)
  3 frost giants
  2 fire giants (Vaults:5)
  A draconian scorcher (Zot:3)
  A deep elf sorcerer (Elf:1)
  Louise (Depths:4)
  A vault warden (Vaults:2)
  A draconian shifter (Zot:3)
  A spectral caustic shrike (Depths:1)
  A deep elf elementalist (Elf:3)
  3 ironbound thunderhulks
  5 stone giants
  An orc warlord (Vaults:2)
  6 ironbound preservers
  A very ugly thing (Depths:1)
  A deep elf demonologist (Vaults:5)
  A green draconian (Zot:2)
  3 black draconians
  A yellow draconian (Zot:3)
  A deep elf annihilator (Vaults:5)
  5 dire elephants
  A white draconian (Zot:2)
  2 purple draconians
  A spark wasp (Depths:1)
  3 deep elf death magi
  8 red draconians
  An ettin (D:15)
  A fire dragon (Depths:2)
  2 deep elf high priests
  An entropy weaver (Vaults:2)
  3 great orbs of eyes
  6 yaktaur captains
  12 hydras
  A salamander tyrant (Snake:4)
  23 vault guards
  A ghost crab (Swamp:3)
  3 boulder beetles
  A spriggan air mage (Swamp:4)
  3 rakshasas
  5 anacondas
  14 centaur warriors
  9 dancing weapons
  5 ironbound frosthearts
  A deep troll shaman (Depths:2)
  9 naga warriors
  5 tengu warriors
  2 two-headed ogres
  6 naga sharpshooters
  An orc high priest (Orc:2)
  A deep troll earth mage (Depths:4)
  A spriggan berserker (Depths:2)
  A shock serpent (Snake:4)
  A spriggan (Swamp:4)
  18 deep elf knights
  An iron troll (Depths:1)
  6 salamander mystics (Snake:4)
  A bog body (Swamp:3)
  19 deep trolls
  4 glowing orange brains
  2 goliath frogs
  A shadow demon (Depths:4)
  2 lindwurms (Snake:4)
  4 wizards
  A flayed ghost (Vaults:5)
  4 swamp dragons
  3 phantasmal warriors (Vaults:5)
  A sea snake (Snake:1)
  A glowing orange brain (shapeshifter) (Vaults:3)
  11 ironbound convokers
  8 naga ritualists
  4 orc knights
  17 deep elf archers
  A harpy (Vaults:3)
  13 deep elf zephyrmancers
  A necromancer (Vaults:3)
  21 deep elf pyromancers
  4 manticores
  3 orc sorcerers
  14 mana vipers
  A wolf spider (shapeshifter) (Elf:1)
  A will-o-the-wisp (Swamp:3)
  An oklob plant (Lair:5)
  8 ugly things
  15 salamanders
  2 cyclopes (D:11)
  2 elephants (Lair:5)
  10 moths of wrath
  23 black mambas
  9 guardian serpents
  A rust devil (Depths:4)
  8 vault sentinels
  7 naga magi
  4 cane toads (Lair:5)
  An orange demon (Depths:4)
  A rime drake (shapeshifter) (D:14)
  3 komodo dragons
  An efreet (D:14)
  9 yaktaurs
  3 kobold demonologists
  A freezing wraith (D:15)
  A rime drake (Lair:4)
  A tengu conjurer (D:15)
  A yaktaur skeleton (Vaults:3)
  A red devil (Depths:2)
  A polar bear (Lair:5)
  A troll (shapeshifter) (D:14)
  5 trolls
  A meliai (D:14)
  3 hornets
  15 nameless horrors
  2 blink frogs (Lair:5)
  6 tyrant leeches
  A jumping spider (Vaults:3)
  18 slime creatures
  2 wraiths
  2 air elementals (Elf:1)
  8 water elementals
  A vampire (D:11)
  2 basilisks
  10 yaks
  2 neqoxecs (Depths:4)
  A redback (Vaults:4)
  4 hogs (Swamp:1)
  4 fire elementals
  2 chaos spawn
  11 vampire mosquitoes
  A warg (Depths:3)
  4 swamp worms
  29 nagas
  A hell hound (Zot:4)
  6 water moccasins
  5 swamp drakes (Swamp:4)
  A sky beast (D:6)
  6 orc warriors
  2 tengu (shapeshifter) (Elf:1)
  A boggart (Vaults:2)
  2 ogres
  6 wolves (Lair:5)
  13 centaurs
  6 bullfrogs
  A necrophage (D:6)
  A scorpion (D:5)
  A wight (D:8)
  4 killer bees (D:11)
  5 electric eels
  4 orc priests
  A hound (D:4)
  A jelly (D:6)
  An iguana (D:5)
  16 orc wizards
  3 adders
  A shadow imp (D:7)
  A dart slug (D:2)
  30 orcs
  2 ball pythons
  2 endoplasms
  2 giant cockroaches
  3 goblins
  A hobgoblin (D:2)
  6 kobolds
  3 bats
  5 rats (D:2)
  4 bushes (Lair:5)
  4 snaplasher vines
779 creatures vanquished.

Vanquished Creatures (collateral kills)
  2 dread liches (Zot:5)
  An ancient lich (Zot:5)
  5 orbs of fire
  A juggernaut (Depths:3)
  Boris (Depths:4)
  5 Killer Klowns (Zot:5)
  Saint Roka (Depths:3)
  Jory (Vaults:5)
  9 golden dragons
  4 electric golems
  12 tentacled monstrosities
  Jorgrun (Orc:1)
  22 Orb Guardians
  2 liches (Depths:3)
  Asterion (Elf:3)
  A deep elf blademaster (Elf:3)
  6 titans
  A deep elf master archer (Elf:3)
  7 quicksilver dragons
  Gastronok (Orc:1)
  6 death cobs
  Kirke (Swamp:1)
  3 sphinxes
  A thorn hunter (Swamp:4)
  8 tengu reavers
  5 shadow dragons
  8 storm dragons
  3 draconian knights
  6 deep elf sorcerers
  7 vault wardens
  5 fire giants
  An iron dragon (Depths:2)
  6 draconian monks
  5 frost giants
  A balrug (Depths:2)
  3 orc warlords
  4 ghost moths
  3 spectral caustic shrikes (Depths:1)
  9 draconian scorchers
  2 ghouls (Swamp:3)
  A spriggan defender (Depths:2)
  The ghost of Strat the Basher, a journeyman GnRe of Hepliaklqana (Snake:2)
  2 draconian stormcallers (Zot:4)
  5 deep elf elementalists (Elf:3)
  7 draconian shifters
  16 ironbound preservers
  12 very ugly things
  4 draconian annihilators
  9 stone giants
  3 war gargoyles (Vaults:5)
  2 vampire knights (Depths:2)
  4 ironbound thunderhulks
  3 eleionomae (Swamp:2)
  8 deep elf annihilators
  9 green draconians
  15 black draconians
  2 bunyips
  14 red draconians
  7 purple draconians
  10 white draconians
  7 dire elephants
  11 deep elf demonologists
  6 yellow draconians
  10 spark wasps
  8 deep elf death magi
  A crystal guardian (Vaults:3)
  6 deep elf high priests
  10 ettins
  5 fire dragons
  A merfolk javelineer (Depths:4)
  A shambling mangrove (Swamp:3)
  3 entropy weavers
  An entropy weaver (shapeshifter) (D:14)
  7 yaktaur captains
  Fannar (Orc:1)
  4 ice dragons
  5 hydras
  5 great orbs of eyes
  15 vault guards
  2 catoblepae
  2 peacekeepers
  A salamander tyrant (Snake:4)
  2 spriggan air magi
  A ghost crab (Swamp:4)
  4 ironbound frosthearts
  An anaconda (Snake:3)
  2 centaur warriors
  An ogre mage (Vaults:5)
  15 dancing weapons
  4 boulder beetles
  5 deep troll shamans
  The ghost of kingofthe the Nimble, a journeyman OpCj of Sif Muna (Lair:2)
  4 deep troll earth magi
  A two-headed ogre (D:12)
  6 naga warriors
  2 tengu warriors
  A shock serpent (shapeshifter) (Vaults:5)
  9 shock serpents
  7 hell knights
  A vampire mage (Depths:3)
  5 nameless horrors
  An orc high priest (Elf:3)
  2 spriggan berserkers
  4 naga sharpshooters
  9 deep elf knights
  A sea snake (Snake:1)
  3 iron trolls (Depths:4)
  A titan skeleton (Vaults:3)
  3 salamander mystics (Snake:4)
  A skyshark (Lair:3)
  A goliath frog (shapeshifter) (Vaults:5)
  2 goliath frogs
  3 naga ritualists
  39 deep trolls
  A spriggan druid (Swamp:2)
  2 bog bodies
  2 flayed ghosts
  5 swamp dragons (Swamp:4)
  2 wizards
  4 ironbound convokers
  2 glowing orange brains
  3 necromancers
  3 harpies
  10 deep elf pyromancers
  6 deep elf archers
  4 phantasmal warriors
  A harpy (shapeshifter) (Vaults:5)
  17 deep elf zephyrmancers
  7 orc knights
  A lindwurm (Vaults:2)
  A manticore (D:15)
  8 mana vipers
  A wolf spider (shapeshifter) (Depths:3)
  7 salamanders
  4 orc sorcerers
  2 will-o-the-wisps
  16 ugly things
  7 elephants
  A guardian serpent (shapeshifter) (Depths:2)
  9 moths of wrath
  2 human skeletons (Vaults:3)
  16 black mambas
  11 naga magi
  3 guardian serpents
  15 cane toads
  An unseen horror (D:10)
  10 vault sentinels
  A cane toad (shapeshifter) (Vaults:5)
  An efreet (Zot:1)
  An orange demon (Depths:2)
  10 yaktaurs
  A freezing wraith (Vaults:5)
  4 komodo dragons
  2 tengu conjurers
  An ice devil (Depths:2)
  A bloated husk (Swamp:1)
  2 meliai (D:14)
  7 tyrant leeches
  A troll (D:9)
  A polar bear (Lair:5)
  5 hornets
  17 blink frogs
  7 dream sheep (Lair:4)
  A human simulacrum (Vaults:3)
  A wraith (D:12)
  A culicivora (Vaults:4)
  20 slime creatures
  3 spriggans
  60 yaks
  2 wyverns
  Eustachio (D:5)
  22 fire elementals
  6 water elementals
  A basilisk (Lair:2)
  6 vampire mosquitoes
  A golden eye (shapeshifter) (Depths:4)
  4 humans (D:10)
  A redback (Vaults:3)
  A yaktaur simulacrum (Vaults:3)
  2 steam dragons
  2 elf skeletons (Vaults:3)
  8 swamp worms
  A warg (Orc:2)
  9 water moccasins
  19 nagas
  7 hell hounds (Zot:4)
  3 swamp drakes
  A human zombie (Vaults:3)
  A sky beast (D:7)
  21 orc warriors
  3 ice beasts
  3 black bears
  6 ogres
  10 wolves
  A centaur (D:10)
  13 bullfrogs
  6 earth elementals
  A gnoll sergeant (D:10)
  A cane toad simulacrum (Lair:4)
  5 scorpions
  2 necrophages (Swamp:3)
  23 wights
  A killer bee (shapeshifter) (Vaults:2)
  An elephant simulacrum (Lair:4)
  5 killer bees
  A vampire bat (Lair:2)
  4 electric eels
  4 lava snakes (Lair:3)
  Crazy Yiuf (D:2)
  2 jellies
  Ijyb (D:3)
  13 orc priests
  4 iguanas
  Terence (D:3)
  Natasha (D:2)
  19 orc wizards
  A polar bear simulacrum (Lair:4)
  A wolf simulacrum (Lair:4)
  Robin (D:2)
  9 gnolls
  8 adders
  A worm (D:5)
  3 dart slugs
  55 orcs
  2 endoplasms
  A giant cockroach (D:2)
  13 goblins
  5 hobgoblins
  4 jackals (D:4)
  3 kobolds
  2 quokkas
  3 ball pythons
  9 bats
  A frilled lizard (D:3)
  3 rats
  A butterfly (Lair:5)
1268 creatures vanquished.

Vanquished Creatures (others)
  Bai Suzhen (Snake:3)
  An Orb Guardian (Zot:5)
  An eldritch tentacle (Zot:1)
  2 vault wardens
  An orc warlord (Orc:1)
  A deep elf elementalist (Elf:3)
  2 ironbound preservers
  An ironbound thunderhulk (Vaults:1)
  3 dire elephants (Vaults:1)
  2 ettins
  3 vault guards
  A tengu warrior (Depths:2)
  A naga sharpshooter (Snake:2)
  A spriggan berserker (Swamp:4)
  A goliath frog (Lair:5)
  3 deep trolls (Vaults:3)
  An ironbound convoker (Vaults:3)
  2 deep elf pyromancers
  2 deep elf zephyrmancers
  A mana viper (Snake:1)
  An ugly thing (Depths:1)
  7 black mambas
  2 elephants
  A naga mage (Snake:3)
  A cane toad (Lair:5)
  2 komodo dragons (Lair:2)
  2 yaktaurs
  A human skeleton (Vaults:3)
  2 bloated husks
  A blink frog (Lair:5)
  A wyvern (Lair:5)
  A water elemental (Depths:1)
  A human (D:10)
  A death yak simulacrum (Lair:4)
  A glowing shapeshifter zombie (Vaults:3)
  A water moccasin (Lair:1)
  4 orc warriors
  A cane toad simulacrum (Lair:4)
  3 orcs
  2 kobolds (D:9)
  8 foxfires
  91 fungi
  180 plants
  31 snaplasher vines
377 creatures vanquished.

Grand Total: 2424 creatures vanquished

Notes
Turn   | Place    | Note
-------+----------+-------------------------------------------
     0 | D:1      | ShnitzelX3 the Gnoll Summoner began the quest for the Orb.
     0 | D:1      | Reached XP level 1. HP: 13/13 MP: 6/6
     0 | D:1      | Upgraded the game from 0.30-a0-748-ge6a52f7cba to
                  | 0.30-a0-760-g5a9884bb7c
   389 | D:1      | Reached XP level 2. HP: 19/19 MP: 5/7
  1227 | D:2      | Learned a level 2 spell: Call Imp
  1240 | D:2      | Reached skill level 5 in Spellcasting
  1240 | D:2      | Reached XP level 3. HP: 24/25 MP: 5/9
  1367 | D:2      | Noticed Natasha
  1393 | D:2      | Reached skill level 1 in Invocations
  1395 | D:2      | Identified the ring "Loguqeti" {rElec rF+ Dex+3}
  1430 | D:2      | Reached skill level 1 in Fighting
  1430 | D:2      | Reached skill level 1 in Short Blades
  1430 | D:2      | Reached skill level 1 in Long Blades
  1430 | D:2      | Reached skill level 1 in Axes
  1430 | D:2      | Reached skill level 1 in Maces & Flails
  1430 | D:2      | Reached skill level 1 in Polearms
  1430 | D:2      | Reached skill level 1 in Staves
  1430 | D:2      | Reached skill level 1 in Ranged Weapons
  1430 | D:2      | Reached skill level 1 in Throwing
  1430 | D:2      | Reached skill level 1 in Armour
  1430 | D:2      | Reached skill level 1 in Shields
  1430 | D:2      | Reached skill level 1 in Unarmed Combat
  1430 | D:2      | Reached skill level 1 in Evocations
  1489 | D:2      | Reached XP level 4. HP: 32/32 MP: 8/11
  1539 | D:2      | Reached skill level 1 in Conjurations
  1539 | D:2      | Reached skill level 1 in Hexes
  1539 | D:2      | Reached skill level 1 in Necromancy
  1539 | D:2      | Reached skill level 1 in Translocations
  1539 | D:2      | Reached skill level 1 in Transmutations
  1539 | D:2      | Reached skill level 1 in Fire Magic
  1539 | D:2      | Reached skill level 1 in Ice Magic
  1539 | D:2      | Reached skill level 1 in Air Magic
  1539 | D:2      | Reached skill level 1 in Earth Magic
  1539 | D:2      | Reached skill level 1 in Poison Magic
  1684 | D:2      | Learned a level 3 spell: Call Canine Familiar
  1688 | D:2      | Learned a level 3 spell: Summon Guardian Golem
  1693 | D:2      | Learned a level 4 spell: Summon Lightning Spire
  1738 | D:2      | Identified the +1 leather armour of Sorcery {Will+}
  2037 | D:2      | Noticed Robin
  2053 | D:2      | Killed Robin
  2054 | D:2      | Reached XP level 5. HP: 32/37 MP: 6/12
  2089 | D:2      | Killed Natasha
  2177 | D:2      | Found a runed translucent door.
  2178 | D:2      | Noticed Crazy Yiuf
  2199 | D:2      | Killed Crazy Yiuf
  2413 | D:3      | Noticed Terence
  2525 | D:3      | Noticed Ijyb
  2541 | D:3      | Killed Ijyb
  2617 | D:3      | Found a broken altar of Ashenzari.
  2617 | D:3      | Found a hide-covered altar of Uskayaw.
  2678 | D:3      | Killed Terence
  2679 | D:3      | Reached XP level 6. HP: 44/44 MP: 4/14
  2941 | D:3      | Reached skill level 5 in Dodging
  2954 | D:3      | Reached skill level 2 in Polearms
  3028 | D:3      | Became a worshipper of Ashenzari the Shackled
  3140 | D:4      | Identified the +0 buckler "Huteuqil" {Str+2}
  3192 | D:4      | Found a one-way gate to the infinite horrors of the Abyss.
  3192 | D:4      | Noticed bronco's ghost (amateur BaGl)
  3195 | D:4      | Found a transporter.
  3320 | D:4      | Found a transporter.
  3354 | D:4      | Reached XP level 7. HP: 50/50 MP: 10/15
  4017 | D:5      | Entered Level 5 of the Dungeon
  4027 | D:5      | Reached skill level 5 in Stealth
  4501 | D:5      | Noticed Eustachio
  4811 | D:5      | Reached * piety under Ashenzari
  5090 | D:5      | Killed Eustachio
  5091 | D:5      | Reached skill level 3 in Polearms
  5091 | D:5      | Reached XP level 8. HP: 49/60 MP: 6/18
  5199 | D:6      | Found Agroeh's Weapon Boutique.
  5369 | D:6      | Found a shadowy altar of Dithmenos.
  5372 | D:6      | Found an ancient bone altar of Kikubaaqudgha.
  5404 | D:6      | Found Xuf Avek's Book Shoppe.
  5413 | D:6      | Found Abofiros's Weapon Emporium.
  5431 | D:6      | Found a white marble altar of Elyvilon.
  5433 | D:6      | Found a snail-covered altar of Cheibriados.
  5536 | D:6      | Found a staircase to the Ecumenical Temple.
  5537 | D:6      | Reached ** piety under Ashenzari
  5578 | Temple   | Entered the Ecumenical Temple
  5863 | D:6      | Reached XP level 9. HP: 68/68 MP: 8/20
  5900 | D:6      | Reached skill level 4 in Polearms
  6051 | D:6      | Found Zosucwurch's Distillery.
  6295 | D:6      | Found Tamao's Jewellery Boutique.
  6396 | D:7      | Reached skill level 5 in Invocations
  6641 | D:7      | Learned a level 6 spell: Summon Cactus Giant
  6647 | D:7      | Learned a level 5 spell: Summon Forest
  6917 | D:8      | Identified the +0 ring mail "Toram" {Dex+2 SInv}
  6924 | D:8      | Reached skill level 5 in Fighting
  6924 | D:8      | Reached skill level 5 in Short Blades
  6924 | D:8      | Reached skill level 5 in Long Blades
  6924 | D:8      | Reached skill level 5 in Axes
  6924 | D:8      | Reached skill level 5 in Maces & Flails
  6924 | D:8      | Reached skill level 5 in Polearms
  6924 | D:8      | Reached skill level 5 in Staves
  6924 | D:8      | Reached skill level 5 in Ranged Weapons
  6924 | D:8      | Reached skill level 5 in Throwing
  6924 | D:8      | Reached skill level 5 in Armour
  6924 | D:8      | Reached skill level 5 in Shields
  6924 | D:8      | Reached skill level 5 in Unarmed Combat
  6924 | D:8      | Reached skill level 5 in Evocations
  6924 | D:8      | Reached XP level 10. HP: 76/76 MP: 12/22
  7052 | D:6      | Bought an amulet of magic regeneration for 360 gold pieces
  7250 | D:8      | Reached *** piety under Ashenzari
  7445 | D:8      | Found Otaravi's Antique Armour Emporium.
  7452 | D:8      | Bought a faintly glowing leather armour for 161 gold pieces
  7452 | D:8      | Identified the +0 leather armour of Noon {Will+} (You
                  | bought it in a shop on level 8 of the Dungeon)
  7619 | D:9      | Noticed a nameless horror
  7625 | D:9      | Killed a nameless horror
  7704 | D:9      | Found Dydur's Weapon Shoppe.
  7704 | D:9      | Found a staircase to the Orcish Mines.
  7729 | D:9      | Reached skill level 6 in Polearms
  7732 | D:9      | Reached skill level 5 in Conjurations
  7732 | D:9      | Reached skill level 5 in Hexes
  7732 | D:9      | Reached skill level 5 in Necromancy
  7732 | D:9      | Reached skill level 5 in Translocations
  7732 | D:9      | Reached skill level 5 in Transmutations
  7732 | D:9      | Reached skill level 5 in Fire Magic
  7732 | D:9      | Reached skill level 5 in Ice Magic
  7732 | D:9      | Reached skill level 5 in Air Magic
  7732 | D:9      | Reached skill level 5 in Earth Magic
  7732 | D:9      | Reached skill level 5 in Poison Magic
  7732 | D:9      | Reached XP level 11. HP: 87/87 MP: 25/25
  7870 | D:9      | Found a flagged portal.
  8085 | D:9      | Found a staircase to the Lair.
  8485 | D:10     | Entered Level 10 of the Dungeon
  8537 | Lair:1   | Entered Level 1 of the Lair of Beasts
  8623 | Lair:1   | Noticed an eight-headed hydra
  8646 | Lair:1   | Killed an eight-headed hydra
  8647 | Lair:1   | Reached skill level 7 in Polearms
  8707 | Lair:1   | Reached **** piety under Ashenzari
  8847 | Lair:1   | Reached XP level 12. HP: 94/97 MP: 23/27
  9432 | Lair:2   | Found a staircase to the Swamp.
  9524 | Lair:2   | Identified the +6 chain mail of the Freezing God {Will+
                  | Int+3 Stlth+}
  9717 | Lair:2   | Found a transporter.
  9729 | Lair:2   | Noticed an eight-headed hydra
  9730 | Lair:2   | Noticed kingofthe's ghost (journeyman OpCj)
  9730 | Lair:2   | Identified the -1 helmet of Lethargy {rCorr Slay+2 Stlth+}
  9786 | Lair:2   | Found a transporter.
 10246 | Lair:3   | Found a burning altar of Makhleb.
 10670 | Lair:3   | Found a staircase to the Snake Pit.
 10896 | Lair:3   | Learned a level 5 spell: Freezing Cloud
 10917 | Lair:4   | Noticed a boulder beetle
 10930 | Lair:4   | Killed a boulder beetle
 10931 | Lair:4   | Reached skill level 8 in Polearms
 10932 | Lair:4   | Identified a scroll of acquirement
 10940 | Lair:4   | Acquired 507 gold pieces
 11154 | D:6      | Bought a book of Iron for 540 gold pieces
 11161 | D:6      | Learned a level 6 spell: Iron Shot
 11391 | Lair:4   | Reached XP level 13. HP: 106/106 MP: 29/29
 11421 | Lair:4   | Reached skill level 10 in Summonings
 11433 | Lair:4   | Found a staircase to the Slime Pits.
 11434 | Lair:4   | Found a viscous altar of Jiyva.
 11512 | Lair:4   | Found a frozen archway.
 11640 | Lair:4   | Identified the +6 short sword of Upheaval {protect, rN+
                  | Str+3}
 12050 | Lair:5   | Entered Level 5 of the Lair of Beasts
 12199 | Lair:5   | Reached skill level 10 in Spellcasting
 12336 | Lair:5   | Reached skill level 10 in Dodging
 12554 | Lair:5   | Reached skill level 9 in Polearms
 12608 | Lair:5   | Reached skill level 10 in Stealth
 12639 | Lair:5   | Reached XP level 14. HP: 86/115 MP: 16/31
 12661 | Lair:5   | Reached skill level 10 in Invocations
 13105 | Lair:5   | Found a broken altar of Ashenzari.
 13473 | Orc:1    | Entered Level 1 of the Orcish Mines
 13473 | Orc:1    | Noticed an orc warlord
 13488 | Orc:1    | Killed an orc warlord
 13497 | Orc:1    | Noticed Gastronok
 13695 | D:9      | Learned a level 5 spell: Summon Mana Viper
 13706 | Orc:1    | Killed Gastronok
 13868 | Orc:1    | Noticed Jorgrun
 13908 | Orc:1    | Killed Jorgrun
 13934 | Orc:1    | Noticed Fannar
 13945 | Orc:1    | Killed Fannar
 13948 | Orc:1    | Found Luthuk's Magic Scroll Shop.
 13958 | Orc:1    | Bought a scroll of blinking for 135 gold pieces
 14012 | Orc:1    | Found Foshakk's Jewellery Shoppe.
 14240 | Orc:2    | Entered Level 2 of the Orcish Mines
 14355 | Orc:2    | Found a staircase to the Elven Halls.
 14574 | Orc:2    | Found Kuxizxur's Magic Scroll Shop.
 14574 | Orc:2    | Found Oscheoph's Antique Armour Boutique.
 14574 | Orc:2    | Found Watuepp's Magic Scroll Boutique.
 14578 | Orc:2    | Found Vurchaz's Armour Shop.
 15135 | Snake:1  | Entered Level 1 of the Snake Pit
 15268 | D:6      | Bought a ring of poison resistance for 240 gold pieces
 15605 | Snake:1  | Found Vuvooz's Jewellery Shop.
 15841 | Snake:1  | Reached skill level 10 in Fighting
 15841 | Snake:1  | Reached skill level 10 in Short Blades
 15841 | Snake:1  | Reached skill level 10 in Long Blades
 15841 | Snake:1  | Reached skill level 10 in Axes
 15841 | Snake:1  | Reached skill level 10 in Maces & Flails
 15841 | Snake:1  | Reached skill level 10 in Polearms
 15841 | Snake:1  | Reached skill level 10 in Staves
 15841 | Snake:1  | Reached skill level 10 in Ranged Weapons
 15841 | Snake:1  | Reached skill level 10 in Throwing
 15841 | Snake:1  | Reached skill level 10 in Armour
 15841 | Snake:1  | Reached skill level 10 in Shields
 15841 | Snake:1  | Reached skill level 10 in Unarmed Combat
 15841 | Snake:1  | Reached skill level 10 in Evocations
 15859 | Snake:1  | Found Fesoume's Weapon Boutique.
 15859 | Snake:1  | Found Wogueh's Magic Scroll Shop.
 15914 | Snake:1  | Identified the +0 plate armour of Defence {+Inv rElec rF-
                  | rN+}
 16016 | Snake:1  | Reached XP level 15. HP: 113/123 MP: 19/33
 17173 | Snake:2  | Found a runed translucent gate.
 17173 | Snake:2  | Found a runed translucent gate.
 17173 | Snake:2  | Found a runed translucent gate.
 17173 | Snake:2  | Noticed Strat's ghost (journeyman GnRe)
 17644 | Snake:2  | Killed Strat's ghost
 17738 | Snake:3  | Noticed a nagaraja
 17746 | Snake:3  | Killed a nagaraja
 18334 | Snake:3  | Noticed a nagaraja
 18335 | Snake:3  | Killed a nagaraja
 18499 | Snake:3  | Reached XP level 16. HP: 113/132 MP: 32/34
 18507 | Snake:3  | Noticed Bai Suzhen
 18529 | Snake:3  | Killed Bai Suzhen
 18530 | Snake:3  | Reached skill level 11 in Polearms
 18945 | Snake:3  | Identified the ring of Xuycrali {rN+ Str+6 Dex+3}
 19777 | Snake:4  | Entered Level 4 of the Snake Pit
 19878 | Snake:4  | Found a bloodstained altar of Trog.
 20796 | Snake:4  | Noticed a nagaraja
 20804 | Snake:4  | Killed a nagaraja
 21207 | Snake:4  | Reached XP level 17. HP: 75/140 MP: 18/36
 21306 | Snake:4  | Learned a level 2 spell: Blink
 21448 | Snake:4  | Reached skill level 10 in Conjurations
 21448 | Snake:4  | Reached skill level 10 in Hexes
 21448 | Snake:4  | Reached skill level 10 in Necromancy
 21448 | Snake:4  | Reached skill level 10 in Translocations
 21448 | Snake:4  | Reached skill level 10 in Transmutations
 21448 | Snake:4  | Reached skill level 10 in Fire Magic
 21448 | Snake:4  | Reached skill level 10 in Ice Magic
 21448 | Snake:4  | Reached skill level 10 in Air Magic
 21448 | Snake:4  | Reached skill level 10 in Earth Magic
 21448 | Snake:4  | Reached skill level 10 in Poison Magic
 21937 | Snake:4  | Got a serpentine rune of Zot
 22307 | D:6      | Bought a book of Power for 630 gold pieces
 22316 | D:6      | Learned a level 7 spell: Spellforged Servitor
 22316 | D:6      | Bought a book of Beasts for 570 gold pieces
 22451 | Swamp:1  | Entered Level 1 of the Swamp
 22464 | Swamp:1  | Reached skill level 12 in Polearms
 22717 | Swamp:1  | Noticed Kirke
 22737 | Swamp:1  | Killed Kirke
 24335 | Swamp:4  | Entered Level 4 of the Swamp
 25043 | Swamp:4  | Reached XP level 18. HP: 149/149 MP: 27/38
 25203 | Swamp:4  | Noticed the 27-headed Lernaean hydra
 25207 | Swamp:4  | Killed the 27-headed Lernaean hydra
 25280 | Swamp:4  | Got a decaying rune of Zot
 27032 | D:12     | Found a sparkling altar of Nemelex Xobeh.
 27663 | D:13     | Found a gate to the Vaults.
 28414 | D:14     | Found a shadowy altar of Dithmenos.
 28942 | D:14     | Acquired a book of the Dragon
 29155 | D:15     | Entered Level 15 of the Dungeon
 29320 | D:15     | Reached skill level 13 in Polearms
 29326 | D:15     | Found a staircase to the Depths.
 29584 | D:15     | Noticed Roxanne
 30287 | Vaults:1 | Entered Level 1 of the Vaults
 30399 | Vaults:1 | Found Qaidiu's Book Emporium.
 30521 | Vaults:1 | Reached XP level 19. HP: 161/161 MP: 11/40
 30694 | Vaults:1 | Found Wyujoba's General Store.
 31287 | Vaults:1 | Found Duujur's Magic Scroll Boutique.
 31311 | Vaults:1 | Found a portal to a secret trove of treasure.
 32438 | Vaults:2 | Reached skill level 15 in Invocations
 33045 | Vaults:2 | Reached XP level 20. HP: 162/170 MP: 39/42
 33355 | Vaults:3 | Reached skill level 14 in Polearms
 33800 | Vaults:3 | Found a magical portal.
 33805 | WizLab   | Entered The Roulette of Golubria
 33805 | WizLab   | Found a transporter.
 33824 | WizLab   | Learned a level 9 spell: Dragon's Call
 34087 | Vaults:3 | Identified the +1 leather armour of Recklessness {-Cast
                  | Will+ rCorr Dex+2}
 34106 | Vaults:3 | Reached skill level 15 in Spellcasting
 34113 | Vaults:3 | Found a staircase to the Crypt.
 34113 | Vaults:3 | Found an ancient bone altar of Kikubaaqudgha.
 34113 | Vaults:3 | Found a basalt altar of Yredelemnul.
 34115 | Crypt:1  | Entered Level 1 of the Crypt
 34856 | Vaults:3 | Reached skill level 15 in Dodging
 35097 | Vaults:3 | Reached skill level 15 in Stealth
 35665 | Lair:2   | Killed kingofthe's ghost
 36416 | Elf:1    | Entered Level 1 of the Elven Halls
 36425 | Elf:1    | Paralysed by an air elemental for 1 turns
 36493 | Elf:1    | Found a radiant altar of Vehumet.
 36566 | Elf:1    | Reached XP level 21. HP: 118/176 MP: 35/43
 37135 | Elf:1    | Identified the +1 scale mail "Gotop" {rN++ Str+3 Int+3}
 37191 | Elf:1    | Found a runed translucent gate.
 37191 | Elf:1    | Found a runed translucent gate.
 37191 | Elf:1    | Found a runed translucent gate.
 37191 | Elf:1    | Found a runed translucent gate.
 37191 | Elf:1    | Found a runed translucent gate.
 37192 | Elf:1    | Found a runed translucent gate.
 37496 | Elf:1    | Identified the +7 rapier "Fyisuom" {freeze, Will+}
 37839 | Elf:1    | Learned a level 8 spell: Ignition
 37905 | Elf:2    | Found a runed translucent gate.
 37905 | Elf:2    | Found a runed translucent gate.
 37906 | Elf:2    | Found a runed translucent gate.
 37987 | Elf:2    | Found Uride's Antique Weapon Shop.
 38132 | Elf:2    | Found Sumedgh's Gadget Gallery.
 38159 | Elf:2    | Reached skill level 15 in Fighting
 38159 | Elf:2    | Reached skill level 15 in Short Blades
 38159 | Elf:2    | Reached skill level 15 in Long Blades
 38159 | Elf:2    | Reached skill level 15 in Axes
 38159 | Elf:2    | Reached skill level 15 in Maces & Flails
 38159 | Elf:2    | Reached skill level 15 in Polearms
 38159 | Elf:2    | Reached skill level 15 in Staves
 38159 | Elf:2    | Reached skill level 15 in Ranged Weapons
 38159 | Elf:2    | Reached skill level 15 in Throwing
 38159 | Elf:2    | Reached skill level 15 in Armour
 38159 | Elf:2    | Reached skill level 15 in Shields
 38159 | Elf:2    | Reached skill level 15 in Unarmed Combat
 38159 | Elf:2    | Reached skill level 15 in Evocations
 38334 | Elf:2    | Gained mutation: You are weak. (Str -2) [mutagenic glow]
 38483 | Elf:3    | Entered Level 3 of the Elven Halls
 38848 | Elf:3    | Noticed Asterion
 38861 | Elf:3    | Killed Asterion
 39270 | Elf:3    | Lost mutation: You are weak. (Str -2) [potion of mutation]
 39270 | Elf:3    | Gained mutation: Armour fits poorly on your strangely
                  | shaped body. [potion of mutation]
 39270 | Elf:3    | Gained mutation: You occasionally shout uncontrollably at
                  | your foes. [potion of mutation]
 39271 | Elf:3    | Lost mutation: Armour fits poorly on your strangely shaped
                  | body. [potion of mutation]
 39271 | Elf:3    | Lost mutation: You occasionally shout uncontrollably at
                  | your foes. [potion of mutation]
 39271 | Elf:3    | Gained mutation: You passively map a small area around you.
                  | [potion of mutation]
 39271 | Elf:3    | Gained mutation: Your flesh is heat resistant. (rF+)
                  | [potion of mutation]
 39661 | Elf:3    | Reached XP level 22. HP: 179/187 MP: 21/45
 39899 | Elf:3    | Identified the +3 leather armour of Fedhas's Esteem {Fly
                  | MP-9 Str+3 Int+3}
 39939 | Elf:3    | Identified the +7 flail "Buudux" {heavy, Fragile rElec
                  | Dex+2}
 39955 | Elf:3    | Identified the +5 gold dragon scales of Buhotruj {rElec
                  | rPois rF+ rC+ Str+3 Int+3 Slay-2}
 40168 | Elf:3    | Identified the Parchment of the Coals and Injury
 40169 | Elf:3    | Identified the +2 pair of boots "Hewk" {Harm rN+ SInv}
 40972 | Vaults:4 | Gained mutation: You are dopey. (Int -2) [mutagenic glow]
 41728 | Vaults:5 | Entered Level 5 of the Vaults
 41744 | Vaults:5 | Reached skill level 15 in Summonings
 41771 | Vaults:5 | Reached skill level 16 in Polearms
 41807 | Vaults:5 | Noticed a golden dragon
 41832 | Vaults:5 | Killed a golden dragon
 41977 | Vaults:5 | Noticed a golden dragon
 42006 | Vaults:5 | Reached XP level 23. HP: 79/193 MP: 16/47
 42288 | Vaults:5 | Killed a golden dragon
 42327 | Vaults:5 | Noticed Jory
 42342 | Vaults:5 | Killed Jory
 42418 | Vaults:5 | Identified the +0 quarterstaff of the Endless Expanse
                  | {flame, rC+ Will+ SInv}
 42418 | Vaults:5 | Identified the +0 robe of Mumblety Peg {Will+ Str+3}
 42528 | Vaults:5 | Identified the +4 great sword "Worm's Wrath" {pain, Contam
                  | rElec rN++ SInv}
 42528 | Vaults:5 | Identified the Discourse on the Shift and the Blizzard
 42901 | Vaults:5 | Got a silver rune of Zot
 42982 | Vaults:5 | Identified the +7 battleaxe "Stringbean" {heavy, rC+}
 43028 | Vaults:5 | Reached skill level 17 in Polearms
 43829 | Depths:1 | Entered Level 1 of the Depths
 43996 | Depths:1 | Found a one-way gateway to a ziggurat.
 44160 | Depths:1 | Found an opulent altar of Gozag.
 44296 | Depths:1 | Found a transporter.
 44296 | Depths:1 | Found a transporter.
 44298 | Depths:1 | Found a transporter.
 44415 | Depths:1 | Found a transporter.
 44550 | Depths:1 | Found a gateway to Hell.
 44844 | Depths:2 | Found a radiant altar of Vehumet.
 44995 | Depths:2 | Found a one-way gate leading to the halls of Pandemonium.
 45270 | Depths:2 | Upgraded the game from 0.30-a0-760-g5a9884bb7c to
                  | 0.30-a0-772-g5528072125
 45281 | Depths:2 | Reached XP level 24. HP: 103/204 MP: 12/47
 45597 | Depths:2 | Noticed a juggernaut
 45637 | Depths:2 | Killed a juggernaut
 45963 | Depths:2 | Found the +10 tower shield of Ignorance {rN+ Int-4}
 46417 | Depths:3 | Reached skill level 18 in Polearms
 46456 | Depths:3 | Noticed a juggernaut
 46492 | Depths:3 | Killed a juggernaut
 46712 | Depths:3 | Noticed Saint Roka
 46725 | Depths:3 | Killed Saint Roka
 46749 | Depths:3 | Reached skill level 15 in Conjurations
 46853 | Depths:3 | Found a sacrificial altar of Ru.
 46854 | Depths:3 | Found a shimmering altar of Xom.
 46855 | Depths:3 | Found a blossoming altar of Fedhas.
 46855 | Depths:3 | Found a basalt altar of Yredelemnul.
 46881 | Depths:3 | Identified the +3 halberd of Soaggess {elec, rPois Int+2}
 46883 | Depths:3 | Identified the amulet of Denu {Faith Drain Str+3}
 47382 | Vaults:1 | Bought a scroll of blinking for 112 gold pieces
 47706 | Orc:2    | Bought a scroll of blinking for 90 gold pieces
 47706 | Orc:2    | Bought a scroll of vulnerability for 48 gold pieces
 47880 | Snake:1  | Bought a scroll of blinking for 150 gold pieces
 47880 | Snake:1  | Bought a scroll of summoning for 190 gold pieces
 48189 | Depths:4 | Entered Level 4 of the Depths
 48284 | Depths:4 | Found a transporter.
 48291 | Depths:4 | Noticed Xutext's ghost (adept DsAK)
 48293 | Depths:4 | Noticed a dread lich
 48294 | Depths:4 | Noticed a dread lich
 48364 | Depths:4 | Identified the ring of Ytyreym {Int+4 Dex+6 Stlth+}
 48365 | Depths:4 | Found a transporter.
 48454 | Depths:4 | Noticed Louise
 48457 | Depths:4 | Killed Louise
 48771 | Depths:4 | Found a gate to the Realm of Zot.
 48894 | Depths:4 | Noticed Boris
 48903 | Depths:4 | Killed Boris
 49070 | Depths:4 | Learned a level 9 spell: Death's Door
 49560 | Zot:1    | Entered Level 1 of the Realm of Zot
 49602 | Zot:1    | Reached XP level 25. HP: 207/213 MP: 21/48
 49983 | Zot:1    | Noticed an orb of fire
 49986 | Zot:1    | Reached skill level 19 in Polearms
 49993 | Zot:1    | Killed an orb of fire
 50456 | Zot:1    | Acquired a book of Unlife
 50465 | Zot:1    | Learned a level 5 spell: Borgnjor's Vile Clutch
 51262 | Zot:2    | Reached skill level 15 in Hexes
 51262 | Zot:2    | Reached skill level 15 in Necromancy
 51262 | Zot:2    | Reached skill level 15 in Translocations
 51262 | Zot:2    | Reached skill level 15 in Transmutations
 51262 | Zot:2    | Reached skill level 15 in Fire Magic
 51262 | Zot:2    | Reached skill level 15 in Ice Magic
 51262 | Zot:2    | Reached skill level 15 in Air Magic
 51262 | Zot:2    | Reached skill level 15 in Earth Magic
 51262 | Zot:2    | Reached skill level 15 in Poison Magic
 51989 | Zot:3    | Noticed an orb of fire
 51994 | Zot:3    | Gained mutation: You are very dopey. (Int -4) [an orb of
                  | fire]
 51994 | Zot:3    | Gained mutation: You are vulnerable to cold. (rC-) [an orb
                  | of fire]
 52036 | Zot:2    | Lost mutation: Your flesh is heat resistant. (rF+) [potion
                  | of mutation]
 52036 | Zot:2    | Lost mutation: You passively map a small area around you.
                  | [potion of mutation]
 52036 | Zot:2    | Gained mutation: Your spells are a little easier to cast,
                  | but a little less powerful. [potion of mutation]
 52036 | Zot:2    | Lost mutation: Your spells are a little easier to cast, but
                  | a little less powerful. [potion of mutation]
 52036 | Zot:2    | Lost mutation: You are very dopey. (Int -4) [potion of
                  | mutation]
 52037 | Zot:2    | Lost mutation: You are dopey. (Int -2) [potion of mutation]
 52037 | Zot:2    | Lost mutation: You are vulnerable to cold. (rC-) [potion of
                  | mutation]
 52037 | Zot:2    | Gained mutation: You possess an exceptional clarity of
                  | mind. [potion of mutation]
 52037 | Zot:2    | Gained mutation: Your movements are slightly less
                  | encumbered by armour. (ER -2) [potion of mutation]
 52447 | Zot:3    | Killed an orb of fire
 52748 | Zot:3    | Identified the -1 pair of gloves "Xelupa" {rPois}
 52760 | Zot:3    | Reached skill level 20 in Polearms
 53059 | Zot:4    | Reached XP level 26. HP: 152/222 MP: 33/49
 53433 | Zot:4    | Learned a level 5 spell: Yara's Violent Unravelling
 53971 | Zot:5    | Entered Level 5 of the Realm of Zot
 53974 | Zot:5    | Identified the Handbook of the Anticline and the Wind
 54090 | Zot:5    | Found a hide-covered altar of Uskayaw.
 54191 | Zot:5    | Found a hide-covered altar of Uskayaw.
 54319 | Zot:5    | Noticed an ancient lich
 54334 | Zot:5    | Killed an ancient lich
 54452 | Zot:5    | Noticed a Killer Klown
 54459 | Zot:5    | Killed a Killer Klown
 54527 | Zot:5    | Noticed a Killer Klown
 54537 | Zot:5    | Noticed a Killer Klown
 54551 | Zot:5    | Killed a Killer Klown
 54554 | Zot:5    | Killed a Killer Klown
 54637 | Zot:5    | Noticed an orb of fire
 54643 | Zot:5    | Noticed an orb of fire
 54652 | Zot:5    | Gained mutation: You occasionally lose the ability to read
                  | scrolls when taking damage. [an orb of fire]
 54660 | Zot:5    | Killed an orb of fire
 54964 | Zot:5    | Killed an orb of fire
 55066 | Zot:5    | Noticed a Killer Klown
 55074 | Zot:5    | Killed a Killer Klown
 55087 | Zot:5    | Noticed a dread lich
 55095 | Zot:5    | Killed a dread lich
 55259 | Zot:5    | Noticed an orb of fire
 55268 | Zot:5    | Killed an orb of fire
 55268 | Zot:5    | Noticed an orb of fire
 55275 | Zot:5    | Noticed a dread lich
 55276 | Zot:5    | Killed an orb of fire
 55277 | Zot:5    | Noticed a Killer Klown
 55277 | Zot:5    | Noticed a Killer Klown
 55285 | Zot:5    | Killed a dread lich
 55286 | Zot:5    | Reached skill level 21 in Polearms
 55439 | Zot:5    | Killed a Killer Klown
 55471 | Zot:5    | Killed a Killer Klown
 55553 | Zot:5    | Noticed an orb of fire
 55561 | Zot:5    | Killed an orb of fire
 55579 | Zot:5    | Reached XP level 27. HP: 192/231 MP: 15/49
 55872 | Zot:5    | Got the Orb of Zot
 56387 | D:4      | Noticed Boris
 56426 | D:1      | Noticed Yczukhla the pandemonium lord
 56547 | D:$      | Escaped with the Orb!

Illustrated notes

Levels and vault maps discovered:
D:1:      amcnicky_arrival_feature_with_door, layout_basic,
          chequers_hall_statues_y
D:2:      minmay_wonky_spiral, layout_loops_corners, minmay_misc_feat_doors,
          hangedman_feature_mirror, uniq_crazy_yiuf_cottage, uniq_robin,
          uniq_natasha
D:3:      layout_rooms, gammafunk_temple_overflow_wave, uniq_terence, uniq_ijyb
D:4:      layout_basic, gammafunk_ghost_abyssal_escape, nicolae_zen_rock_garden
D:5:      layout_loops_corners, uniq_eustachio
D:6:      layout_loops_corners, nicolae_overflow_hidden_temple,
          minmay_temple_entry_ruins, serial_shops, shop,
          nicolae_shop_waterfront, shop, nicolae_shop_bloodbath_and_beyond,
          shop, minmay_bent
D:7:      layout_layer_cave
D:8:      layout_cave_pools, serial_shops, shop, nicolae_benzene_ring
D:9:      layout_loops_ring, due_lair_maze_entry_diamond, orc_david_3,
          enter_bailey_5
D:10:     layout_irregular_city, hex_large, skrybe_limestone_x,
          minmay_misc_feat_iff, minmay_ruffians
D:11:     layout_roguey
D:12:     layout_loops_ring, nemelex_lonely_heart_becter
D:13:     layout_basic, erik_vaults_2
D:14:     layout_basic, serial_bayou, serial_bayou_shore_a, serial_bayou_pond_c,
          serial_bayou_shore_b, serial_bayou_shore_b,
          nicolae_dithmenos_the_darkroom, grunt_decor_one_mirror
D:15:     hangedman_depths_entry_civil_slaughter, layout_basic,
          hangedman_decor_riveting, grunt_ministairs_8, uniq_roxanne
Temple:   eino_temple_scatter_basement
Lair:1:   layout_cave_pods
Lair:2:   layout_regular_city, swamp_mist, gammafunk_ghost_berserking_beasts,
          roderic_batcave
Lair:3:   layout_misc_corridors, nicolae_snake_entry_warm_welcome, basic_altar,
          st_stairs_7, serial_bayou_pond_d
Lair:4:   layout_roguey, slime_entry_1, portal_ice_cave_entry_ice_simulacra
Lair:5:   minmay_lair_end_frog_pond, layout_loops_ring,
          minmay_lair_oklob_bushes, lemuel_centaur_altar, lemuel_fruit_fields
Swamp:1:  layout_falls_marsh, evilmike_swamp_ruin_house_4, nicolae_swamp_oxbows,
          infiniplex_staircase_pool, uniq_kirke
Swamp:2:  layout_basic_swamp, evilmike_swamp_ruin_house_2
Swamp:3:  nicolae_swamp_tree_isthmus, layout_basic_swamp,
          evilmike_swamp_ruin_wall, swamp_pool1
Swamp:4:  swamp_old_school, layout_basic_swamp
Snake:1:  layout_honeycomb, nicolae_take_the_stairs, serial_bayou_lagoon_b,
          minmay_shoptagon
Snake:2:  layout_onion, ebering_ghost_rock_garden, grunt_ministairs_1,
          nicolae_snake_mages_go_home, grunt_megastairs_2
Snake:3:  layout_onion_interference, nicolae_coiled_stairwell_up,
          grunt_megastairs_5, serial_bayou_shore_b, uniq_bai_suzhen
Snake:4:  snake_pit_salamanders_mu, layout_cave_town, basic_altar
Orc:1:    layout_caves, serial_shops, shop_fountains, shop_statue, uniq_fannar,
          uniq_gastronok, uniq_jorgrun
Orc:2:    st_orc_mages, layout_diamond_mine
Elf:1:    eino_elf_arrival_altar, layout_gridlike, orc_legates,
          grunt_megastairs_3
Elf:2:    nicolae_elf_blades_splatter_lattice
          [nicolae_blade_entry_crossed_weapons], layout_gridlike, serial_shops,
          shop, nicolae_shop_gadgets
Elf:3:    minmay_elf_hall_spiked, layout_geoelf_castle, minivault_28,
          uniq_asterion
Vaults:1: vaults_standard_mumra_x, v_misc_5,
          vaults_room_grunt_arrival_checkpoint, hangedman_vaults_snaps,
          nicolae_vaults_diagonal_hallway_7, v_alt_pattern_2, v_misc_9,
          v_misc_22, nicolae_vaults_circle_grid_a, ontoclasm_vaults_idyll,
          v_misc_25, nicolae_vaults_circle_grid_a, v_misc_14,
          layout_vaults_maze_bifur, enter_trove_1, serial_shops, shop,
          nicolae_shop_competitors_out_of_business, shop_fountains
Vaults:2: vaults_mumra_minichess, nicolae_vaults_good_morning_starshine,
          nicolae_vaults_triangles, nicolae_vaults_alarming, v_misc_30,
          v_pattern_4, nicolae_vaults_network_square,
          ontoclasm_vaults_ring_square, nicolae_vaults_little_squares_5,
          ontoclasm_vaults_ring_square, ontoclasm_vaults_twist,
          vaults_dpeg_ring, layout_vaults_omnibox
Vaults:3: mu_enter_wizlab_2, vaults_room_ringed_pool, hangedman_vaults_unwind,
          vaults_mumra_chevron_long, minmay_crypt_entry_necro_gods, st_lattice,
          vaults_mumra_hex, v_pattern_5, v_misc_1, vaults_dpeg_doors,
          ontoclasm_vaults_idyll, vaults_dpeg_hooks, grunt_vaults_hallway_short,
          nicolae_vaults_gold_heap, dpeg_vaults_monster_row,
          ontoclasm_vaults_ring_large, vaults_room_semicircle,
          layout_vaults_big_cross
Vaults:4: grunt_vaults_swirl, hangedman_vaults_hat, layout_vaults_omnigrid
Vaults:5: uniq_jory
Crypt:1:  layout_chaotic_city, grunt_crypt_arrival_webbed
Depths:1: layout_cave_pools, enter_ziggurat_a, pf_hell_entry_tar_river,
          grunt_gozag_statues, nicolae_diode_quadrants
Depths:2: evilmike_diamond_2, layout_gridlike, vehumet_crystals,
          rand_demon_pan_entry_8, hell_entry, corexii_corridor_pit,
          infiniplex_staircase_trident
Depths:3: minmay_the_grid_octo_tiled_octocenter [minmay_the_grid_octo_pinwheel,
          minmay_the_grid_octo_empty, minmay_the_grid_octo_thin_diamonds,
          minmay_the_grid_octo_shrine,
          minmay_the_grid_octo_prize_ultimate_mussel_roller,
          minmay_the_grid_square_5x5_checkered_statues,
          minmay_the_grid_square_5x5_beaten_path,
          minmay_the_grid_square_5x5_six,
          minmay_the_grid_square_5x5_three_walls], layout_basic, minivault_11,
          abyss_entry_glasseish, grunt_metal_band, uniq_saint_roka
Depths:4: grunt_zot_entry_gee_three, layout_gridville, hell_entry,
          gammafunk_ghost_mausoleum, rand_demon_pan_entry_3, chequers_big_river,
          nicolae_abyss_entry_one_way_or_another, uniq_boris
Zot:1:    lemuel_firehouse, layout_onion
Zot:2:    layout_gridlike, grunt_ministairs_2
Zot:3:    layout_onion
Zot:4:    layout_onion_interference
Zot:5:    layout_misc_corridors, grunt_ministairs_2, hangedman_feature_mirror,
          nicolae_zot_crop_circle

Skill      XL: |  1  2  3  4  5  6  7  8  9 10 11 12 13 14 15 16 17 18 19 20 21 22 23 24 25 26 |
---------------+-------------------------------------------------------------------------------+-----
Spellcasting   | 5 6 7 8 9 10 11 12 13 14 15 16 17 18 19 | 19.2
Invocations    | 1 2 3 4 5 6 7 8 9 10 11 12 13 14 15 16 17 18 19 20 | 20.2
Fighting       | 1 2 3 5 6 7 8 9 10 11 12 13 14 15 16 17 18 | 18.7
Short Blades   | 1 2 3 5 6 7 8 9 10 11 12 13 14 15 16 17 18 | 18.7
Long Blades    | 1 2 3 5 6 7 8 9 10 11 12 13 14 15 16 17 18 | 18.7
Axes           | 1 2 3 5 6 7 8 9 10 11 12 13 14 15 16 17 18 | 18.7
Maces & Flails | 1 2 3 5 6 7 8 9 10 11 12 13 14 15 16 17 18 | 18.7
Polearms       | 1 2 3 5 6 7 8 9 10 11 12 13 14 15 16 17 18 20 21 | 21.3
Staves         | 1 2 3 5 6 7 8 9 10 11 12 13 14 15 16 17 18 | 18.7
Ranged Weapons | 1 2 3 5 6 7 8 9 10 11 12 13 14 15 16 17 18 | 18.7
Throwing       | 1 2 3 5 6 7 8 9 10 11 12 13 14 15 16 17 18 | 18.7
Armour         | 1 2 3 5 6 7 8 9 10 11 12 13 14 15 16 17 18 | 18.7
Shields        | 1 2 3 5 6 7 8 9 10 11 12 13 14 15 16 17 18 | 18.7
Unarmed Combat | 1 2 3 5 6 7 8 9 10 11 12 13 14 15 16 17 18 | 18.7
Evocations     | 1 2 3 5 6 7 8 9 10 11 12 13 14 15 16 17 18 | 18.7
Conjurations   | 1 2 3 4 5 6 7 8 9 10 11 12 13 14 15 16 17 | 17.8
Hexes          | 1 2 3 4 5 6 7 8 9 10 11 12 13 14 15 | 15.9
Necromancy     | 1 2 3 4 5 6 7 8 9 10 11 12 13 14 15 | 15.9
Translocations | 1 2 3 4 5 6 7 8 9 10 11 12 13 14 15 | 15.9
Transmutations | 1 2 3 4 5 6 7 8 9 10 11 12 13 14 15 | 15.9
Fire Magic     | 1 2 3 4 5 6 7 8 9 10 11 12 13 14 15 | 15.9
Ice Magic      | 1 2 3 4 5 6 7 8 9 10 11 12 13 14 15 | 15.9
Air Magic      | 1 2 3 4 5 6 7 8 9 10 11 12 13 14 15 | 15.9
Earth Magic    | 1 2 3 4 5 6 7 8 9 10 11 12 13 14 15 | 15.9
Poison Magic   | 1 2 3 4 5 6 7 8 9 10 11 12 13 14 15 | 15.9
Dodging        | 5 6 7 8 9 10 11 12 13 14 15 16 17 18 19 | 19.2
Stealth        | 5 6 7 8 9 10 11 12 13 14 15 16 17 18 19 20 | 20.7
Summonings     | 8 9 10 11 12 13 14 15 16 17 | 17.3

Action                     |  1- 3 |  4- 6 |  7- 9 | 10-12 | 13-15 | 16-18 | 19-21 | 22-24 | 25-27 || total
---------------------------+-------+-------+-------+-------+-------+-------+-------+-------+-------++-------
  Melee: Dagger            |    23 |    64 |    22 |       |       |       |       |       |       ||   109
         Unarmed           |     3 |       |       |       |       |       |       |       |       ||     3
         Bite              |     3 |     7 |     7 |    22 |    48 |    89 |    74 |    43 |    31 ||   324
         Punch             |       |     1 |       |       |       |       |       |       |       ||     1
         Rapier            |       |       |    37 |   124 |    11 |       |       |       |       ||   172
         Short sword       |       |       |       |       |   289 |   498 |   334 |   189 |   167 ||  1477
         Staff             |       |       |       |       |       |       |    28 |       |       ||    28
   Cast: Summon Small Mamm |    26 |    19 |     3 |       |       |     7 |     2 |     1 |       ||    58
         Call Imp          |     2 |    21 |    22 |    10 |     4 |     4 |       |       |       ||    63
         Call Canine Famil |       |    11 |    23 |    16 |    25 |    20 |    20 |    10 |     7 ||   132
         Summon Lightning  |       |     2 |    15 |    14 |    15 |     4 |     2 |     1 |       ||    53
         Summon Guardian G |       |       |     1 |    11 |    20 |    16 |    25 |    18 |     1 ||    92
         Summon Cactus Gia |       |       |     1 |    35 |    37 |    37 |    31 |       |       ||   141
         Summon Forest     |       |       |       |     8 |    24 |    28 |    23 |    10 |    11 ||   104
         Freezing Cloud    |       |       |       |     1 |    62 |   124 |    55 |     8 |     2 ||   252
         Iron Shot         |       |       |       |       |    39 |    72 |    66 |    43 |    36 ||   256
         Summon Mana Viper |       |       |       |       |    23 |    37 |    47 |    28 |    23 ||   158
         Spellforged Servi |       |       |       |       |       |    40 |    46 |    28 |    25 ||   139
         Blink             |       |       |       |       |       |     2 |     3 |     7 |     6 ||    18
         Ignition          |       |       |       |       |       |       |    18 |    19 |    20 ||    57
         Dragon's Call     |       |       |       |       |       |       |     2 |    37 |    34 ||    73
 Invoke: Curse Item        |       |       |     4 |     2 |       |     1 |     1 |     1 |       ||     9
         Shatter the Chain |       |       |       |       |       |     1 |     1 |       |       ||     2
  Evoke: Wand              |       |       |       |     6 |     3 |     5 |    11 |    16 |     8 ||    49
         Box of beasts     |       |       |       |       |       |       |     1 |     1 |       ||     2
         Condenser vane    |       |       |       |       |       |       |       |     1 |       ||     1
    Use: Scroll            |       |     7 |       |     3 |     1 |     7 |     9 |    10 |    16 ||    53
         Potion            |       |       |       |       |       |     1 |     7 |    12 |    13 ||    33
   Stab: Sleeping          |     4 |     7 |     2 |     1 |    13 |    30 |    24 |    16 |     9 ||   106
         Distracted        |       |       |     2 |     3 |     3 |     7 |    14 |     9 |    16 ||    54
 Armour: Robe              |     6 |     1 |       |       |       |       |       |       |       ||     7
         Leather armour    |       |    34 |    26 |    29 |    50 |   121 |    81 |    47 |    40 ||   428
  Dodge: Dodged            |    18 |    53 |    52 |    80 |   212 |   250 |   200 |   172 |   123 ||  1160
  Block: Buckler           |       |       |    12 |    38 |    93 |    15 |       |       |       ||   158
         Kite shield       |       |       |       |       |       |   260 |   290 |   146 |   102 ||   798
         Reflection        |       |       |       |       |       |    21 |    55 |    18 |     2 ||    96

Table legend: (Time is in decaauts)
 A = Elapsed time spent in this place.
 B = Non-inter-level travel time spent in this place.
 C = Inter-level travel time spent in this place.
 D = Time resting spent in this place.
 E = Time spent auto-exploring this place.
 F = Levels seen in this place.
 G = Mean time per level.
                   A        B        C        D        E       F      G
               +--------+--------+--------+--------+--------+-----+--------+
         Total |  56346 |  50180 |   6166 |   8415 |  26008 |  50 | 1126.9 |
       Dungeon |  15524 |  12748 |   2776 |    827 |   8271 |  15 | 1034.9 |
        Temple |    167 |    148 |     19 |      0 |    134 |   1 |  167.0 |
          Lair |   5549 |   4632 |    917 |    571 |   2591 |   5 | 1109.8 |
         Swamp |   3296 |   3083 |    213 |    408 |   1916 |   4 |  824.0 |
     Snake Pit |   6680 |   6249 |    431 |   1873 |   2154 |   4 | 1670.0 |
  Orcish Mines |   1580 |   1314 |    266 |     64 |    843 |   2 |  790.0 |
   Elven Halls |   3934 |   3728 |    206 |    708 |   1621 |   3 | 1311.3 |
        Vaults |   8317 |   7587 |    730 |   1313 |   3872 |   5 | 1663.4 |
         Crypt |    167 |    167 |      0 |    164 |      0 |   1 |  167.0 |
        Depths |   4853 |   4556 |    297 |    904 |   2152 |   4 | 1213.2 |
           Zot |   6253 |   5947 |    306 |   1582 |   2451 |   5 | 1250.6 |
        Wizlab |     20 |     20 |      0 |      0 |      0 |   1 |   20.0 |
               +--------+--------+--------+--------+--------+-----+--------+

Top non-repeatable levels by time:
 Snake:4: 2192 daAuts
Vaults:2: 2147 daAuts
Vaults:5: 1879 daAuts
Vaults:3: 1860 daAuts
 Snake:3: 1673 daAuts
   Elf:3: 1667 daAuts
 Snake:2: 1663 daAuts
     D:9: 1564 daAuts
   Zot:5: 1548 daAuts
Depths:4: 1535 daAuts
Depths:2: 1454 daAuts
   Elf:1: 1445 daAuts
Vaults:1: 1374 daAuts
     D:2: 1372 daAuts
    D:15: 1349 daAuts
